AoeStats
← 用户1623433

Arabia

505852118Analyzed
4v4 RM · 22d ago on Sep 11, 2026· 40m 28s· 8 players
Game mode
Random Map
Map size
Large (8 player)
Population
200
Speed
Normal
Resources
Standard
Victory
Conquest
Starting age
Dark Age
Ending age
Imperial Age
RankedLock teamsTeams togetherTeam positionsShared explorationLock speedFull tech treeHidden civsTurbo modeCheats
Victory
Defeat
🇰🇼 Maya · Kuwait
1063
+17
🇩🇪 Hindustanis · Germany
1050
+17
🇪🇸 Franks · Spain
1007
+19
🇫🇷 Italians · France
968
+20
🇹🇼 Huns · Taiwan
1145
-21
🇨🇳 Mongols · China
1144
-22
🇬🇧 Chinese · United Kingdom
1028
-16
🇭🇰 Franks · Hong Kong SAR China
970
-14
Orange_Samo
7:17 Loom
9:21 Feudal Age
13:13 Scale Barding Armor
16:01 Forging
20:44 Castle Age
21:14 Double-Bit Axe
22:15 Husbandry
25:44 Bloodlines
30:21 Chain Barding Armor
31:59 Horse Collar
33:20 Scale Mail Armor
38:15 Iron Casting
38:11 Chain Mail Armor
tretts
5:12 Loom
8:21 Loom
10:31 Feudal Age
11:04 Double-Bit Axe
19:45 Castle Age
17:50 Fletching
18:33 Padded Archer Armor
19:17 Forging
20:39 Crossbowman
22:54 Ballistics
24:43 Bodkin Arrow
26:28 Leather Archer Armor
27:17 Bow Saw
35:51 Imperial Age
37:14 Wheelbarrow
37:23 Elite Genoese Crossbowman
38:24 Elite Skirmisher
39:57 Bracer
40:28 Ring Archer Armor
alktam
0:26 Loom
iochoam91
0:27 Loom
11:40 Feudal Age
17:08 Castle Age
16:24 Forging
18:55 Wheelbarrow
18:46 Scale Barding Armor
28:21 Hand Cart
32:19 Chain Barding Armor
33:50 Iron Casting
35:11 Husbandry
40:30 Imperial Age
fifox58
0:31 Loom
11:29 Feudal Age
13:52 Wheelbarrow
17:07 Castle Age
15:31 Horse Collar
15:40 Double-Bit Axe
15:48 Stone Mining
18:22 Bow Saw
18:51 Stone Shaft Mining
20:02 Gold Mining
22:04 Gold Shaft Mining
22:31 Fletching
23:04 Padded Archer Armor
23:43 Bodkin Arrow
25:43 Hand Cart
30:35 Imperial Age
28:23 Leather Archer Armor
28:33 Ballistics
32:20 Two-Man Saw
31:24 Bracer
32:44 Ring Archer Armor
32:19 Heavy Plow
33:13 Thumb Ring
34:27 Elite Chu Ko Nu
36:17 Conscription
筋肉肥仔
6:54 Loom
7:11 Loom
9:41 Feudal Age
10:28 Double-Bit Axe
18:51 Wheelbarrow
21:09 Castle Age
20:32 Scale Barding Armor
20:38 Forging
22:50 Husbandry
23:13 Chain Barding Armor
23:29 Iron Casting
22:49 Gold Mining
30:05 Hand Cart
29:36 Town Watch
30:11 Bow Saw
36:18 Imperial Age
36:22 Cavalier
38:08 Plate Barding Armor
38:33 Blast Furnace
xoxodniw
用户1623433
10:12 Feudal Age
13:44 Bloodlines
14:14 Forging
22:52 Castle Age
34:10 Double-Bit Axe
Connection lost

Rejoining the realm…

Still unreachable

The connection could not be restored.

Session expired

The server has moved on; the page needs a fresh start.